Cogmind - Beta 16.1 @@@ ROGUE MODE // 2026.02.10 @ 12:46:09 Player: ZLD1 Result: Self-destructed Performance ------------- Evolutions (2) 1000 Regions Visited (3) 600 Robots Destroyed (3) 15 Value Destroyed (121) 121 Prototype IDs (14) 280 Alien Tech Used (0) 0 Bonus (0) 0 TOTAL SCORE: 2016 Bonus ------- None Cogmind --------- Core Integrity 412/550 Matter 102/300 Energy 121/125 System Corruption 0% Temperature Cool (2) Movement Walking (90) Location -8/Materials Parts ------- > --- POWER (1) -------- Light Ion Engine > --- PROPULSION (3) --- VSS Leg > --- UTILITY (2) ------ Small Storage Unit Improved Signal Interpreter > --- WEAPON (5) ------- (None) > --- INVENTORY (8) ---- Reflective Plating Heavy Hammer Heavy Hammer Scrap Shield Fragment (47) Peak State ------------ > --- POWER ------------ Light Ion Engine > --- PROPULSION ------- Aluminum Leg VSS Leg > --- UTILITY ---------- Small Storage Unit Improved Signal Interpreter > --- WEAPON ----------- 1B-0RG's Assimilator > --- INVENTORY -------- Heavy Hammer Heavy Hammer Scrap Shield Fragment [Rating: 74] Favorites ----------- Power Light Ion Engine Engine Light Ion Engine Propulsion Aluminum Leg Leg Aluminum Leg Utility Small Storage Unit Storage Small Storage Unit Processor Improved Signal Interpreter Weapon Heavy Hammer Impact Weapon Heavy Hammer Special Melee Weapon 1B-0RG's Assimilator Build | -11 -10 -10 -8 ------- Run | Yrd Mat Sub Mat Slots Evolved 4 | . . . 4 Power . | . . . . Propulsion 1 | . . . 1 Utility . | . . . . Weapon 3 | . . . 3 Parts Attached 9 | . 1 5 3 Power 1 | . . 1 . Engine 1 | . . 1 . Core . | . . . . Reactor . | . . . . Propulsion 3 | . . 2 1 Treads . | . . . . Leg 3 | . . 2 1 Wheel . | . . . . Hover . | . . . . Flight . | . . . . Utility 2 | . . 1 1 Device . | . . . . Storage 1 | . . 1 . Processor 1 | . . . 1 Hackware . | . . . . Protection . | . . . . Artifact . | . . . . Weapon 3 | . 1 1 1 Energy Gun . | . . . . Energy Cannon . | . . . . Ballistic Gun . | . . . . Ballistic Cannon . | . . . . Launcher . | . . . . Special Weapon . | . . . . Impact Weapon 2 | . 1 1 . Slashing Weapon . | . . . . Piercing Weapon . | . . . . Special Melee Weapon 1 | . . . 1 Unidentified Prototypes 1 | . . . 1 Parts Lost 3 | . . 1 2 Power . | . . . . Propulsion 2 | . . 1 1 Utility . | . . . . Weapon 1 | . . . 1 Highest Loss Streak 1 | . . 1 1 To Critical Strikes . | . . . . Average Backups 3 | 2 5 3 1 Power . | . 1 . . Propulsion . | 1 2 . . Utility . | . 1 . . Weapon . | . . . 1 Tool/Special . | . . . . Unused Backups 2 | . 1 . 1 Power 1 | . 1 . . Propulsion . | . . . . Utility 1 | . . . 1 Weapon . | . . . . Tool/Special . | . . . . Average Slot Usage (%) 40 | . 13 50 47 Engine 2 | . . 1 9 Leg 13 | . . 21 10 Storage 8 | . . 11 9 Processor 1 | . . . 8 Impact Weapon 12 | . 13 16 2 Special Melee Weapon 1 | . . . 7 Peak Build Rating 74 | . 2 13 74 Average Rating 18 | . 1 9 63 On Entrance 3 | . . 2 13 Avg Prop Armor Cover (%) . | . . . . Naked Turns 4 | . 4 . . Heaviest Build 63 | . 3 14 63 Greatest Support 22 | 3 3 20 22 Greatest Overweight (x) 6 | . . 1 6 Average Overweight (x) . | . . . 3 Largest Inventory Capacity 8 | 5 5 8 8 Average Capacity 6 | 5 5 7 8 Most Carried 8 | 5 5 7 8 Average Carried 5 | 3 5 6 3 Final Capacity 8 | 5 5 8 8 Final Carried 6 | 5 5 6 4 Class Distribution -------------------- 100% | Mutant Dominant Class ---------------- Mutant | -10/Materials Mutant | -10/Subcaves Mutant | -8/Materials Resources | -11 -10 -10 -8 ----------- Run | Yrd Mat Sub Mat Matter Collected 199 | 45 74 28 52 Remotely . | . . . . Salvage Created 91 | . 74 17 . Parts 4 | . 2 2 . Haulers Intercepted . | . . . . Recyclers Shooed . | . . . . Parts Field Recycled . | . . . . Retrieved Matter . | . . . . Parts Self-Destructed 23 | . . 23 . Prevented . | . . . . Parts Restored . | . . . . Kills | -11 -10 -10 -8 ------- Run | Yrd Mat Sub Mat Combat Hostiles Destroyed 3 | . 2 1 . Melee 1 | . . 1 . Classes Destroyed 2 | . 1 1 . Grunt 2 | . 2 . . Subdweller 1 | . . 1 . Best Kill Streak 1 | . 1 1 . Combat Bots Only 1 | . 1 1 . Max Kills in Single Turn 1 | . 1 1 . Gunslinging . | . . . . Exploded . | . . . . Melee 1 | . . 1 . Uniques/NPCs Destroyed . | . . . . Combat | -11 -10 -10 -8 -------- Run | Yrd Mat Sub Mat Hostile Shots Fired 85 | . 10 25 50 Missed 29 | . 6 9 14 Hits 56 | . 4 16 36 Projectile 56 | . 4 16 36 Critical Strikes 1 | . . . 1 Damage Taken 1003 | . 49 422 532 Core 340 | . 49 153 138 Absorbed by Shields . | . . . . Regen/Repaired (Parts) 18 | . . . 18 Core Remaining (%) 59 | 100 . 19 . Volleys Fired . | . . . . Largest . | . . . . Hottest . | . . . . Shots Fired . | . . . . Gun . | . . . . Cannon . | . . . . Launcher . | . . . . Special . | . . . . Kinetic . | . . . . Thermal . | . . . . Explosive . | . . . . Electromagnetic . | . . . . Robot Hit Streak . | . . . . Robot Miss Streak . | . . . . Penetration Max . | . . . . Secondary Targets . | . . . . Shots Hit Robots 10 | . 3 7 . Core Hits 1 | . . 1 . Critical Kills . | . . . . Critical Parts Destroyed 4 | . 2 2 . Critical Strikes 4 | . 2 2 . Smash 4 | . 2 2 . Melee Attacks 23 | . 3 20 . Impact 23 | . 3 20 . Slashing . | . . . . Piercing . | . . . . Sneak Attacks 1 | . 1 . . Combat Hostiles 1 | . 1 . . Follow-up Attacks 2 | . . 2 . Damage Inflicted 433 | . 166 267 . Guns . | . . . . Cannons . | . . . . Explosions . | . . . . Melee 433 | . 166 267 . Ramming . | . . . . Kinetic . | . . . . Thermal . | . . . . Explosive . | . . . . Electromagnetic . | . . . . Impact 433 | . 166 267 . Slashing . | . . . . Piercing . | . . . . Highest Corruption 3 | . 3 3 . Average Corruption 2 | . 2 3 . Corruption Purged . | . . . . Corruption Blocked . | . . . . Effects 16 | . 6 10 . Message Errors 4 | . 2 2 . Matter Fused 4 | . 3 1 . Heat Flow Errors 4 | . 1 3 . Energy Discharges 1 | . . 1 . Data Loss (minor) 2 | . . 2 . Data Loss (major) 1 | . . 1 . Overload Shots . | . . . . Overflow Damage 185 | . 106 79 . Projectiles . | . . . . Explosions . | . . . . Melee 185 | . 106 79 . Knockbacks 2 | . 1 1 . Impact 2 | . 1 1 . Kinetic . | . . . . Secondary . | . . . . Self-Inflicted Damage . | . . . . Shots . | . . . . Rammed . | . . . . Targets Rammed . | . . . . Kicked . | . . . . Crushed . | . . . . Highest Temperature 136 | . 111 136 10 Average Temperature 54 | . 61 55 10 Received Heat Transfer 177 | . 27 42 108 Siege Activations . | . . . . Martial Activations . | . . . . Shielding Activations . | . . . . Robots Disrupted . | . . . . Combat Hostiles . | . . . . Robots Corrupted 2 | . 2 . . Combat Hostiles 2 | . 2 . . Parts Fried . | . . . . Impact Corruptions 5 | . 3 2 . Robots Melted . | . . . . Combat Hostiles . | . . . . Parts Melted . | . . . . Heat Transferred . | . . . . Parts Sabotaged . | . . . . Parts Stolen . | . . . . Parts Stripped . | . . . . Power Chain Reactions . | . . . . Alert | -11 -10 -10 -8 ------- Run | Yrd Mat Sub Mat Maximum Alert Level . | . . . . Low Security (%) 100 | 100 100 . 100 Level 1 . | . . . . Level 2 . | . . . . Level 3 . | . . . . Level 4 . | . . . . Level 5 . | . . . . High Security . | . . . . Max Security . | . . . . Peak Influence 55 | . 55 . . Initial . | . . . . Average 5 | . 11 . . Influence Increases 65 | . 65 . . Destroy 0b10 Robot/C 40 | . 40 . . Destroy Leader 10 | . 10 . . Lose Combat Pursuer 15 | . 15 . . Influence Decreases 65 | . 65 . . Time Decay 65 | . 65 . . Squads Dispatched 1 | . . . 1 Investigation . | . . . . Extermination . | . . . . Reinforcement 1 | . . . 1 Assault . | . . . . Garrison . | . . . . Intercept . | . . . . Searches Triggered . | . . . . Construction Impeded . | . . . . Haulers Reinforced . | . . . . Active Scanning Responses . | . . . . Cargo Convoy Interrupts . | . . . . Stealth | -11 -10 -10 -8 --------- Run | Yrd Mat Sub Mat Distress Signals 3 | . . . 3 Communications Jammed . | . . . . Distress Signals . | . . . . Times Spotted 15 | . 3 4 8 Peak Tracking Total 5 | . 2 2 5 Tactical Retreats 4 | . 1 3 . Traps | -11 -10 -10 -8 ------- Run | Yrd Mat Sub Mat Traps Triggered 3 | . 2 1 . Indirectly . | . . . . Trap Hack Attempts . | . . . . Triggered . | . . . . Disarmed . | . . . . Reprogrammed . | . . . . Reused . | . . . . Traps Extracted . | . . . . Installed . | . . . . Triggered . | . . . . Machines | -11 -10 -10 -8 ---------- Run | Yrd Mat Sub Mat Machines Disabled . | . . . . Max in Single Turn . | . . . . Machines Repaired . | . . . . Machines Dismantled . | . . . . Machines Sabotaged . | . . . . Overloaded Fab Kills . | . . . . Hacking | -11 -10 -10 -8 --------- Run | Yrd Mat Sub Mat Machines Accessed 1 | . . 1 . Terminals . | . . . . Fabricators . | . . . . Repair Stations . | . . . . Recycling Units . | . . . . Scanalyzers . | . . . . Garrison Access . | . . . . Total Hacks 9 | . . 9 . Successful 9 | . . 9 . Failed . | . . . . Catastrophic . | . . . . Database Lockouts . | . . . . Manual . | . . . . Terminals . | . . . . Fabricators . | . . . . Repair Stations . | . . . . Recycling Units . | . . . . Scanalyzers . | . . . . Garrison Access . | . . . . Terminal Hacks 9 | . . 9 . Record 8 | . . 8 . Proto ID Catalog 1 | . . 1 . Fabricator Hacks . | . . . . Repair Station Hacks . | . . . . Recycling Unit Hacks . | . . . . Scanalyzer . | . . . . Garrison Access Hacks . | . . . . Unauthorized Hacks . | . . . . Terminals . | . . . . Fabricators . | . . . . Repair Stations . | . . . . Recycling Units . | . . . . Scanalyzers . | . . . . Garrison Access . | . . . . Data Cores Recovered . | . . . . Used . | . . . . Hacking Detections . | . . . . Full Trace Events . | . . . . Feedback Events . | . . . . Feedback Blocked . | . . . . Robot Schematics Acquired . | . . . . Robots Built . | . . . . Authchips . | . . . . Time . | . . . . Total Robot Build Rating . | . . . . Part Schematics Acquired . | . . . . Parts Built . | . . . . Authchips . | . . . . Time . | . . . . Total Part Build Rating . | . . . . Part Studies Acquired . | . . . . Parts Repaired . | . . . . Time . | . . . . Parts Recycled . | . . . . Recycled Matter . | . . . . Retrieved Matter . | . . . . Retrieved Components . | . . . . Parts Scanalyzed . | . . . . Part Schematics Acquired . | . . . . Parts Damaged . | . . . . Bothacking | -11 -10 -10 -8 ------------ Run | Yrd Mat Sub Mat Used RIF Installer . | . . . . Robots Hacked . | . . . . Non-combat . | . . . . Combat . | . . . . Robot Hacks Applied . | . . . . Relay Couplers Released . | . . . . Fabnet Peak Effective % . | . . . . Robots Rewired . | . . . . Allies Hacked . | . . . . Hacks Repelled . | . . . . Allies | -11 -10 -10 -8 -------- Run | Yrd Mat Sub Mat Total Allies . | . . . . Largest Group . | . . . . Highest-Rated Group . | . . . . Highest-Rated Ally . | . . . . Total Orders . | . . . . Ally Attacks . | . . . . Total Damage . | . . . . Kills . | . . . . Allies Corrupted . | . . . . Allies Melted . | . . . . Borg Created 2 | . . . 2 Largest Collective 1 | . . . 1 Intel | -11 -10 -10 -8 ------- Run | Yrd Mat Sub Mat Active Infowar (turns) . | . . . . Robot Analysis Total . | . . . . Derelict Logs Recovered 1 | . . 1 . Drone Launches . | . . . . Drone Recoveries . | . . . . Exploration | -11 -10 -10 -8 ------------- Run | Yrd Mat Sub Mat Turns Passed 1306 | 21 319 690 276 Spaces Moved 825 | 32 167 555 71 Core 375 | 32 167 176 . Treads . | . . . . Legs 450 | . . 379 71 Wheels . | . . . . Hover . | . . . . Flight . | . . . . Fastest Speed 50 | 50 50 50 90 Average Speed 113 | 50 50 103 361 Slowest Speed 540 | 50 50 190 540 Overloaded Moves . | . . . . Propulsion Burnouts . | . . . . Robots Hopped . | . . . . Potential Cave-ins . | . . . . Cave-ins Triggered . | . . . . Exploration Rate (%) 18 | 3 33 25 13 Regions Visited 3 Branch Regions 1 Pre-discovered Areas . | . . . . Known Exits Taken . | . . . . Unknown Exits Taken 3 | 1 1 1 . Scrap Searched . | . . . . Spaces Dug 4 | . . 4 . Terrain Destroyed 4 | . . 4 . Melee 4 | . . 4 . Projectile . | . . . . AOE . | . . . . Terrain Rammed . | . . . . Walls Destroyed . | . . . . Machines Disabled . | . . . . Actions | -11 -10 -10 -8 --------- Run | Yrd Mat Sub Mat Total 1157 | 36 396 636 89 Wait 282 | . 224 57 1 Move 822 | 31 166 554 71 Hop . | . . . . Pick Up 14 | 5 1 2 6 Fast Attach 1 | . 1 . . Attach 8 | . . 5 3 Detach 2 | . . . 2 Swap . | . . . . Drop 4 | . 1 . 3 Fire . | . . . . Melee 21 | . 3 18 . Ram . | . . . . Kick . | . . . . Crush . | . . . . Escape Stasis . | . . . . Rewire 1 | . . . 1 Trap . | . . . . Miscellaneous 2 | . . . 2 Route ------- -11/Scrapyard -10/Materials (discovered 2 exits: [*Mat] / *Sub) -10/Subcaves -8/Materials History --------- Turn | Location | Event 7 | -11/Scrapyard | Discovered new exit (range 15) 22 | -11/Scrapyard | Entered Materials 74 | -10/Materials | Discovered new exit (range 16) 315 | -10/Materials | Build established: Mutant 332 | -10/Materials | Discovered new exit (range 3) 341 | -10/Materials | Entered Subcaves 342 | -10/Subcaves | Approached by a straggling Scientist 342 | -10/Subcaves | Learned Materials trap positions 375 | -10/Subcaves | A swath of the cavern ceiling suddenly collapsed 459 | -10/Subcaves | Visited 4L-MR0's lab 467 | -10/Subcaves | Found Prototype Special Melee Weapon 919 | -10/Subcaves | Core integrity fell below 50% 1022 | -10/Subcaves | Discovered new exit (range 7) 1031 | -10/Subcaves | Core integrity fell below 20% 1031 | -10/Subcaves | Entered Materials 1031 | -8/Materials | Evolved 4 slots: Propulsion x1, Weapon x3 1032 | -8/Materials | Loaded intel: 12 trap records 1069 | -8/Materials | Identified 1B-0RG's Assimilator 1071 | -8/Materials | Assimilating Defender 3a into Collective. 1254 | -8/Materials | Assimilating Defender 3b into Collective. 1307 | -8/Materials | Self-destructed Last Messages --------------- 01277_ R-06 Scavenger collects Hvy. Assault Rifle. 01280_ Penetrated by Slug. 01281_ K-01 Serf collects debris. 01283_ Penetrated by Slug. 01285_ K-01 Serf collects debris. 01286_ Slug penetrates Wall. 01288_ K-01 Serf collects debris. 01289_ Slug penetrates Wall. 01292_ K-01 Serf collects debris. 01292_ U-05 Engineer builds a Door. 01294_ W-25 Informer sends out distress signal. 01298_ K-01 Serf collects debris. 01298_ R-06 Scavenger collects Lgt. Armor Plating. 01301_ R-06 Scavenger collects Lgt. Treads. 01302_ K-01 Serf collects debris. 01302_ Critical hit (Burn: +37). 01302_ 1B-0RG's Assimilator destroyed. 01305_ R-06 Scavenger collects Heat Sink. [Achievement: Sprinter] 01306_ K-01 Serf collects debris. Map ----- +----------------------------------------------------+ | | | | | | | | | | | | | | | | | | | | | | | | | | | | | | | | | | | #???????##############??############?????????????? | | #??????# / #?? #?????????????? | | #??????# "#?# #?????????????? | | #???#### * T#?# ! #?????????????? | | ##??# + ]] "#?# % ???????????????? | | #??# ## ] #?# ?????????????????? | | #???# ## """ #?# ???????????????????? | | #???# ## """ #?# ?????????????????????? | | #???# ## """ #??#@###+########???????????? | | #??## ## #??# ????????? | | ##### # #??# ##+???????????????? | | " # #??# k #?????????????????? | | ##### # #??# u #?????????????????? | | ????### #####/#+######### w ##????????????????? | | ??????# #???# h #????????????????? | | ??????# #???# #????????????????? | | ??????# #????????????????? | | ??????# Yg + ??????????????? | | ???? ^^^^^ # ???????????? | | ???#### ################### #??####??????????? | | ??????# #?????????????????# % #????????????????? | | ??????? #????????????????# * r a #???????????????? | | ??????? ?????????????????# ! #???????????????? | | ??????? ?????????????????# ??????????????? | | ??????? ?????????????????+ ????????????? | | ???????#?????????????????# #??????????? | | ?????????????????????????# #### #??????????? | | ?????????????????????????# #????#??????????? | | ?????????????????????????### ###???????????????? | | ???????????????????????????# #?????????????????? | | ???????????????????????????# #?????????????????? | | ???????????????????????????? #?????????????????? | | ???????????????????????????? #?????????????????? | +----------------------------------------------------+ Best States ------------- Heat Dissipation 31 Energy Generation 10 Energy Capacity 125 Matter Stores 209 Matter Capacity 300 Sight Range 16 Terrain Scan Density 10 Evasion (%) 55 Item Schematics ----------------- None Robot Schematics ------------------ None Fabricated ------------ Nothing Repaired ---------- Nothing Studied --------- None Alien Tech Used ----------------- None Achievements -------------- Sprinter Challenges ------------ None Game ------ Seed SurgeMediumBoomstick Manual? 0 Play Time 00:08:51 Cumulative 69.8 hours Start 2026.02.10 @ 12:38:55 End 2026.02.10 @ 12:46:09 Sessions 1 Manual Loads 0 Difficulty Rogue Special Mode None Game No. 168 Rogue 168 Adventurer 0 Explorer 0 Win Type - Total 1 Types 1/0/0/0/0/0/0/0/0/0 Lore% 40 Gallery% 36 Achievement% 25 Wizard Run 0 Options --------- Layout 1 ASCII 0 Keyboard 0 Movement Mouse Keybinds 0 Fullscreen 0 Font 24/Smallcaps Map View 59x39 Zoom Use 0% Tactical HUD 1 Map Filters NONE Filters NONE Steam 1 RUN: 6715086b-9484-4842-bd54-72d7afd377c3